Map: 2000 Atmospheres LE

Players

LiquidClem (Clem) - Winner!

  • Race: Terran Terran
  • League: Grandmaster

HeroMarine

  • Race: Terran Terran
  • League: Master

Event: DreamHack SC2 Masters 2021 Summer

VOD

Have the link to the VOD?

Description

Time

  • Played on: June 4, 2021, 2:08 p.m.
  • Length: 19:20

All games in this series

Show
View Real Time Build Order
Export as new Build Order

LiquidClem Terran - Winner!

Build Orders: 1/1/1 

Get SALT Encoding   

  12  0:00  SCV  
  13  0:12  SCV  
  14  0:16  Supply Depot  
  14  0:24  SCV  
  15  0:38  SCV  
  15  0:39  Barracks  
  16  0:42  Refinery  
  16  0:50  SCV  
  16  0:52  Refinery  
  17  1:02  SCV  
  18  1:14  SCV  
  19  1:26  Reaper, Orbital Command  
  19  1:28  Supply Depot  
  20  1:41  Factory  
  20  1:51  SCV  
  22  2:03  Barracks Reactor  
  22  2:04  SCV  
  22  2:14  Command Center  
  22  2:17  SCV  
  23  2:28  Starport  
  23  2:29  SCV  
  24  2:41  SCV, Hellion  
  24  2:42  Hellion  
  29  2:46  Supply Depot  
  29  2:50  Barracks Tech Lab  
  29  2:53  SCV  
  30  3:08  Hellion x2, Medivac  
  30  3:11  SCV  
  37  3:17  Barracks Tech Lab  
  37  3:18  Refinery  
  37  3:23  SCV  
  37  3:26  Orbital Command  
  38  3:35  SCV  
  39  3:41  Cyclone  
  39  3:45  Marine x2  
  39  3:47  SCV, Supply Depot  
  45  3:52  SCV  
  46  3:58  Raven  
  46  4:01  SCV  
  49  4:02  Marine x2  
  49  4:04  SCV  
  52  4:13  SCV  
  52  4:15  Siege Tank  
  52  4:17  SCV  
  55  4:20  Supply Depot  
  55  4:21  Marine  
  55  4:22  Marine  
  57  4:25  SCV  
  57  4:29  SCV  
  59  4:37  SCV  
  60  4:41  SCV, Command Center  
  60  4:44  Raven  
  63  4:47  Supply Depot  
  63  4:52  SCV  
  64  4:53  Siege Tank  
  64  4:59  SCV, Supply Depot  
  68  5:00  Marine  
  68  5:01  Marine  
  68  5:06  Refinery  
  70  5:09  SCV  
  70  5:11  SCV  
  72  5:21  SCV  
  73  5:23  SCV  
  73  5:24  Supply Depot  
  73  5:25  Siege Tank  
  77  5:33  SCV, Marine  
  77  5:35  SCV  
  78  5:39  Viking x2, Supply Depot  
  78  5:41  Stimpack  
  82  5:45  SCV  
  82  5:49  SCV  
  84  5:50  Barracks x2  
  84  5:52  Marine  
  84  5:57  Supply Depot  
  85  6:03  SCV, Siege Tank  
  89  6:09  SCV  
  90  6:11  Orbital Command  
  90  6:15  Marine  
  90  6:16  SCV  
  88  6:20  Viking x2  
  88  6:23  SCV  
  88  6:24  Supply Depot  
  93  6:29  SCV  
  94  6:33  Marine  
  94  6:36  Engineering Bay x2  
  94  6:38  Barracks Reactor x2  
  95  6:40  SCV x2  
  95  6:46  SCV  
  98  6:50  Marine  
  97  6:54  Viking x2  
  97  6:55  Siege Tank  
  97  6:58  SCV  
  97  7:00  SCV  
  97  7:01  SCV, Supply Depot  
  105  7:03  Terran Infantry Weapons Level 1  
  105  7:08  Marine  
  105  7:10  SCV  
  105  7:11  Refinery  
  105  7:12  Refinery  
  105  7:13  SCV x2  
  109  7:19  Marine x3, Sensor Tower  
  109  7:21  Marine, Combat Shield  
  109  7:22  SCV  
  113  7:25  SCV  
  113  7:26  Marine  
  113  7:27  SCV, Siege Tank  
  119  7:36  Liberator  
  121  7:37  Viking  
  121  7:38  Marine x2  
  121  7:39  Marine, Supply Depot  
  121  7:40  SCV  
  121  7:43  Marine  
  128  7:44  SCV  
  128  7:45  SCV  
  130  7:53  Marine  
  130  7:54  SCV  
  130  7:56  Marine  
  130  7:58  SCV  
  120  8:01  Marine, Siege Tank  
  120  8:02  Marine  
  106  8:07  SCV, Viking  
  106  8:08  Orbital Command  
  106  8:11  SCV, Marine  
  96  8:14  Marine  
  96  8:19  Marine  
  93  8:20  Marine  
  93  8:21  SCV  
  93  8:23  SCV  
  96  8:29  Marine  
  96  8:34  SCV, Siege Tank  
  101  8:35  SCV  
  101  8:36  SCV  
  101  8:39  Marine x2  
  105  8:41  Marine  
  105  8:46  SCV, Marine  
  88  8:49  SCV  
  88  8:51  SCV  
  89  8:56  Marine  
  89  8:57  Marine  
  89  8:59  Marine  
  90  9:04  SCV x2, Marine  
  90  9:05  SCV  
  90  9:06  Siege Tank  
  91  9:14  Marine  
  91  9:16  SCV, Marine  
  94  9:18  SCV  
  94  9:20  Barracks Reactor  
  94  9:22  Liberator  
  95  9:26  Viking  
  95  9:27  Marine  
  95  9:29  SCV x2  
  100  9:32  SCV, Marine  
  100  9:37  Marine  
  103  9:40  Terran Infantry Armor Level 1  
  103  9:41  SCV, Supply Depot  
  103  9:42  SCV, Supply Depot  
  103  9:45  Marine  
  106  9:50  SCV, Marine  
  105  9:53  SCV, Siege Tank  
  105  9:55  SCV  
  105  9:59  Marine x2  
  111  10:02  Marine x2  
  113  10:08  SCV, Marine  
  113  10:11  SCV  
  114  10:17  SCV, Marine x2  
  114  10:20  Marine x2  
  109  10:25  Siege Tank  
  109  10:26  Marine  
  109  10:27  SCV, Medivac  
  116  10:31  Medivac  
  116  10:34  SCV, Armory  
  116  10:35  Marine x2  
  121  10:38  Marine  
  122  10:45  SCV x2  
  122  10:47  Command Center  
  122  10:49  SCV  
  125  10:52  Marine  
  126  10:58  Factory, Viking  
  126  10:59  SCV  
  126  11:00  SCV  
  126  11:04  Viking  
  132  11:06  Barracks Reactor, Refinery  
  132  11:09  Sensor Tower  
  132  11:10  SCV, Marine  
  134  11:12  Marine, Supply Depot  
  134  11:16  Siege Tank  
  134  11:18  SCV x2  
  140  11:22  SCV  
  140  11:24  Supply Depot  
  140  11:26  Terran Infantry Weapons Level 2  
  140  11:28  Viking  
  141  11:33  Marine x2  
  141  11:34  Marine, Viking  
  141  11:35  Supply Depot  
  141  11:39  Marine  
  146  11:41  Marine, Siege Tank  
  149  11:50  Siege Tank  
  149  11:52  Marine x2, Missile Turret, Supply Depot  
  153  11:55  Missile Turret  
  153  11:58  Marine x2  
  155  12:02  Terran Infantry Armor Level 2  
  155  12:05  Barracks  
  155  12:06  SCV x2, Barracks  
  155  12:11  Viking x2  
  155  12:13  Siege Tank  
  161  12:20  Marine  
  161  12:21  SCV  
  161  12:22  Marine  
  164  12:25  Planetary Fortress  
  164  12:26  Marine x2  
  164  12:27  Sensor Tower, Marine x2  
  164  12:29  Supply Depot  
  166  12:31  Refinery  
  166  12:35  Refinery, SCV  
  167  12:38  Terran Vehicle Weapons Level 1  
  167  12:40  Missile Turret  
  167  12:46  Siege Tank  
  167  12:48  SCV, Siege Tank  
  174  12:52  Marine x2  
  174  12:53  Barracks Reactor  
  174  12:54  Barracks Reactor, SCV  
  174  12:56  SCV  
  177  12:58  Marine  
  177  13:00  Marine  
  177  13:01  SCV  
  177  13:02  Marine x2  
  181  13:07  Viking  
  181  13:08  Viking  
  181  13:10  Marine x2  
  186  13:16  Marine  
  186  13:18  Siege Tank  
  189  13:22  Starport, Siege Tank  
  189  13:24  Marine  
  191  13:27  Marine  
  191  13:32  Marine  
  193  13:34  Command Center  
  193  13:37  Viking  
  195  13:44  Marine, Viking  
  186  13:50  Siege Tank  
  186  13:51  Marine x4  
  186  13:54  Marine, Siege Tank  
  193  13:58  Marine  
  193  14:00  Marine x2  
  196  14:03  Starport Reactor  
  196  14:05  Marine x2  
  196  14:07  Viking  
  197  14:11  Terran Infantry Weapons Level 3  
  197  14:14  Viking  
  199  14:22  Marine  
  191  14:26  Siege Tank  
  191  14:27  Marine  
  177  14:32  Marine  
  177  14:36  Terran Vehicle Weapons Level 2, Liberator, Command Center  
  177  14:37  Fusion Core  
  180  14:40  Armory  
  180  14:44  Liberator  
  183  14:48  SCV x2  
  183  14:50  Missile Turret  
  183  14:52  SCV  
  186  14:55  Liberator  
  186  14:56  Liberator  
  192  15:01  Starport  
  192  15:07  Marine x2  
  192  15:11  Refinery  
  192  15:12  Refinery  
  194  15:19  Liberator  
  197  15:27  Liberator  
  195  15:29  Terran Vehicle And Ship Armor Level 1  
  195  15:37  Liberator, Planetary Fortress  
  198  15:43  Sensor Tower, Missile Turret  
  198  15:46  Viking  
  198  15:48  Advanced Ballistics  
  193  15:58  Viking  
  193  16:02  Viking  
  181  16:06  Marine x6  
  181  16:10  Viking  
  187  16:16  Viking  
  189  16:19  Marine  
  189  16:20  Viking  
  189  16:21  Marine  
  189  16:22  Siege Tank  
  189  16:24  Marine x2  
  169  16:27  Marine, Thor  
  169  16:28  Marine x2, Viking  
  169  16:31  Marine  
  169  16:32  Viking  
  180  16:40  Viking  
  180  16:46  Viking  
  180  16:47  Starport, Marine x2  
  180  16:50  Viking  
  183  16:55  Marine, Terran Ship Weapons Level 1  
  183  16:56  Marine x6  
  183  16:58  Marine, Viking  
  193  17:02  Viking  
  193  17:05  Siege Tank  
  193  17:07  Marine  
  198  17:09  Marine  
  198  17:15  Siege Tank  
  200  17:16  Refinery  
  200  17:22  Viking x3  
  196  17:27  Viking  
  196  17:28  Viking  
  200  17:36  Command Center  
  200  17:39  Planetary Fortress  
  200  17:53  Starport  
  189  17:58  Command Center, Viking  
  189  18:04  Viking  
  176  18:06  Viking  
  176  18:12  Siege Tank  
  171  18:13  Liberator  
  171  18:17  Refinery, Viking  
  176  18:22  Liberator  
  179  18:28  Liberator  
  179  18:32  Viking  
  179  18:34  Viking  
  186  18:47  Siege Tank  
  189  18:53  Orbital Command  
  196  18:56  Marine  
Show
View Real Time Build Order
Export as new Build Order

HeroMarine Terran 

Build Orders:  

Get SALT Encoding   

  12  0:00  SCV  
  13  0:12  SCV  
  14  0:17  Supply Depot  
  14  0:24  SCV  
  15  0:38  SCV  
  15  0:39  Barracks  
  16  0:43  Refinery  
  16  0:50  SCV  
  16  0:52  Refinery  
  17  1:03  SCV  
  18  1:15  SCV  
  19  1:26  Reaper  
  19  1:27  Orbital Command  
  19  1:28  Supply Depot  
  20  1:40  Factory  
  20  1:53  SCV  
  21  1:58  Reaper  
  22  2:05  SCV  
  23  2:17  SCV  
  23  2:19  Command Center  
  24  2:24  Hellion  
  24  2:29  SCV  
  27  2:31  Barracks Reactor  
  27  2:34  Supply Depot  
  27  2:42  SCV  
  28  2:46  Widow Mine  
  28  2:49  Starport  
  30  2:54  SCV  
  31  3:06  SCV, Marine x2  
  31  3:07  Factory Tech Lab  
  34  3:18  SCV  
  35  3:24  Marine x2  
  37  3:30  SCV  
  37  3:31  Orbital Command, Factory Tech Lab  
  37  3:32  Raven  
  40  3:38  Refinery  
  40  3:42  SCV, Marine x2  
  43  3:50  Siege Tank  
  43  3:54  SCV  
  47  3:57  SCV  
  47  3:58  Supply Depot  
  48  4:06  SCV  
  48  4:09  SCV  
  43  4:18  SCV  
  43  4:21  SCV, Barracks  
  43  4:22  Starport Reactor  
  43  4:23  Barracks  
  45  4:26  Stimpack  
  45  4:30  SCV  
  46  4:33  SCV  
  46  4:37  Engineering Bay  
  47  4:41  Siege Tank  
  47  4:43  SCV  
  51  4:46  SCV  
  51  4:49  Marine  
  53  4:55  SCV  
  53  4:56  Supply Depot  
  53  4:58  SCV  
  55  5:02  Terran Infantry Weapons Level 1  
  55  5:06  Starport Reactor  
  55  5:08  SCV, Marine  
  55  5:10  SCV  
  55  5:13  Siege Tank  
  61  5:20  SCV  
  61  5:21  Marine  
  63  5:22  SCV, Supply Depot  
  63  5:23  Marine  
  63  5:25  Marine x2  
  67  5:30  Refinery  
  67  5:32  SCV  
  67  5:34  SCV  
  67  5:35  Marine  
  69  5:42  Supply Depot  
  70  5:43  Marine, Medivac  
  70  5:44  SCV  
  70  5:45  Medivac  
  70  5:48  SCV  
  77  5:51  Supply Depot  
  77  5:56  SCV  
  78  6:03  SCV, Siege Tank, Marine x2, Supply Depot  
  84  6:06  Combat Shield  
  84  6:09  Marine  
  85  6:11  Marine  
  85  6:13  SCV  
  85  6:16  SCV  
  85  6:17  Marine  
  88  6:22  Medivac  
  88  6:25  Medivac  
  92  6:26  Marine x2  
  92  6:31  Supply Depot  
  92  6:32  Marine  
  92  6:34  Marine  
  93  6:40  Siege Tank  
  93  6:44  Marine x2  
  98  6:49  Marine x2  
  98  6:51  Marine  
  98  6:53  SCV x2  
  102  6:58  Medivac  
  102  7:00  Medivac  
  106  7:02  Marine x2  
  106  7:05  SCV  
  106  7:07  Marine  
  110  7:12  Marine x2  
  112  7:19  Marine, Siege Tank  
  112  7:20  Marine  
  117  7:24  Marine  
  117  7:25  Supply Depot x2  
  117  7:29  Terran Infantry Armor Level 1  
  118  7:38  Command Center  
  118  7:44  Marine  
  118  7:45  SCV  
  118  7:46  Marine x3  
  118  7:47  SCV, Marine  
  118  7:48  Medivac  
  121  8:02  Marine  
  121  8:04  SCV x2, Marine x3  
  121  8:05  Marine  
  108  8:09  Siege Tank  
  96  8:16  SCV  
  96  8:19  Marine  
  91  8:20  Medivac  
  91  8:22  Marine x2  
  91  8:26  SCV  
  96  8:27  Marine x2  
  96  8:28  SCV  
  99  8:37  Marine  
  99  8:40  Marine x2  
  100  8:43  SCV  
  100  8:45  Marine x2  
  100  8:47  Medivac  
  94  8:49  SCV  
  94  8:55  Marine, Siege Tank  
  89  8:57  SCV  
  89  8:58  SCV, Marine x2  
  93  9:03  Marine x2  
  93  9:05  SCV  
  93  9:09  Medivac  
  94  9:10  SCV x2  
  94  9:13  Marine  
  94  9:16  Marine x2  
  96  9:17  SCV  
  96  9:20  Marine  
  96  9:21  Marine  
  99  9:24  Armory  
  99  9:29  Orbital Command  
  99  9:30  SCV x2  
  99  9:31  Marine  
  99  9:33  Marine  
  99  9:36  Medivac  
  102  9:39  Medivac, Siege Tank  
  102  9:40  Marine  
  102  9:42  SCV, Marine  
  111  9:48  Marine  
  112  9:56  Barracks, Marine  
  112  9:58  Barracks, Marine  
  113  10:00  Marine  
  113  10:01  SCV x3  
  113  10:03  Barracks Reactor  
  113  10:06  Marine  
  118  10:14  Marine  
  114  10:16  Marine  
  114  10:17  Marine  
  114  10:20  Engineering Bay  
  114  10:21  Terran Infantry Weapons Level 2  
  102  10:22  SCV x2  
  102  10:23  SCV  
  102  10:24  Marine  
  105  10:28  Siege Tank  
  105  10:31  Marine  
  105  10:34  SCV, Marine  
  105  10:35  SCV x2, Marine, Medivac  
  113  10:42  Refinery, Marine  
  117  10:44  Barracks Reactor  
  117  10:45  Refinery  
  117  10:46  Factory  
  117  10:47  Barracks Reactor  
  117  10:49  Marine, Sensor Tower  
  118  10:52  Marine x3  
  118  10:53  Marine  
  118  10:56  Terran Infantry Armor Level 2  
  122  10:57  Terran Vehicle Weapons Level 1  
  122  11:01  Marine  
  122  11:02  Siege Tank  
  126  11:07  Marine  
  126  11:10  Marine x3  
  126  11:11  Marine  
  130  11:14  Command Center  
  130  11:17  Viking  
  133  11:19  Marine, Viking  
  133  11:20  Marine  
  133  11:22  Marine x2  
  133  11:23  Marine  
  133  11:25  Marine  
  141  11:28  Marine x3  
  141  11:29  Marine  
  144  11:34  Siege Tank  
  144  11:36  Siege Tank  
  144  11:37  Marine  
  149  11:44  Supply Depot  
  149  11:46  Supply Depot  
  149  11:47  Marine x2, Viking, Supply Depot  
  149  11:50  Viking  
  155  12:03  Marine  
  155  12:04  Marine  
  155  12:06  Marine x2, Siege Tank  
  155  12:07  Marine  
  155  12:08  Marine x2, Supply Depot  
  165  12:09  Siege Tank  
  168  12:17  Viking  
  168  12:18  SCV  
  168  12:19  SCV x2  
  168  12:20  Viking  
  173  12:26  Starport  
  174  12:30  SCV  
  174  12:31  SCV  
  174  12:33  Planetary Fortress  
  175  12:38  Refinery, Siege Tank  
  175  12:39  Refinery, Marine  
  175  12:40  Marine x2  
  175  12:41  Siege Tank  
  183  12:47  Viking  
  183  12:50  Viking  
  187  12:52  Marine  
  187  12:53  Marine  
  186  13:00  Marine  
  186  13:10  Barracks Reactor, Terran Infantry Weapons Level 3  
  188  13:16  Viking  
  188  13:17  Viking  
  191  13:29  Marine x8, Viking x2  
  196  13:35  SCV  
  196  13:38  Sensor Tower  
  197  13:46  Command Center  
  197  13:47  Marine x2, Viking x2  
  193  13:48  Siege Tank  
  193  13:53  Siege Tank  
  189  14:02  Terran Infantry Armor Level 3  
  189  14:05  Viking x2  
  189  14:08  Marine  
  191  14:15  Terran Vehicle Weapons Level 2  
  191  14:16  Marine  
  191  14:17  Marine x2  
  192  14:20  Siege Tank  
  192  14:22  Marine  
  192  14:24  Marine x2  
  163  14:32  Siege Tank  
  163  14:33  Viking x2  
  157  14:41  Sensor Tower  
  157  14:42  Armory  
  157  14:43  Viking  
  157  14:45  Medivac  
  161  14:54  Siege Tank  
  164  15:03  Marine x2  
  164  15:04  Siege Tank  
  164  15:05  Viking x2  
  173  15:13  Viking  
  175  15:17  Viking  
  177  15:22  Starport  
  169  15:35  Viking x2  
  171  15:39  Siege Tank x2  
  171  15:40  Terran Ship Weapons Level 1  
  179  15:43  Viking  
  179  15:48  Viking  
  183  15:51  Sensor Tower  
  161  16:05  Viking x2  
  161  16:08  Liberator  
  161  16:10  Marine x2  
  170  16:11  Marine  
  170  16:13  Viking  
  170  16:15  Marine, Missile Turret  
  174  16:21  Marine x2, Siege Tank  
  174  16:23  Siege Tank  
  163  16:33  Planetary Fortress  
  163  16:34  Marine x4  
  163  16:37  Marine x2  
  169  16:43  Refinery  
  169  16:45  Refinery  
  169  16:47  Sensor Tower  
  169  16:53  Siege Tank  
  172  16:55  Siege Tank  
  172  16:56  Medivac  
  177  17:04  Marine x2  
  177  17:05  Marine x2  
  172  17:08  Marine  
  172  17:09  Marine  
  171  17:20  Marine  
  171  17:21  Marine  
  162  17:25  Siege Tank  
  162  17:26  SCV x3  
  162  17:27  SCV x2  
  170  17:35  Starport Reactor  
  170  17:38  SCV x3  
  170  17:39  Siege Tank  
  170  17:42  Medivac  
  178  17:44  Medivac  
  178  17:52  Viking  
  177  18:00  Viking  
  155  18:12  Viking  
  145  18:17  Liberator  
  143  18:25  Viking  
  143  18:26  Viking x2  
  149  18:33  Viking  
  148  18:42  Viking  
  150  18:49  Marine x7  
  157  18:55  Marine x2  
Tags
 
Add a new tag
Caveats
  • Supply blocks, unpowered buildings, or Contaminate may cause inaccurate times.
  • Supply counts are checked every 10 seconds.